 Dungeon Crawl Stone Soup version 0.31-a0-1626-g5cb510d322 (webtiles) character file.

Game seed: 17589399774292389378

560 Laraso the Shooter (level 7, 52/52 HPs)
             Began as a Pale Draconian Hexslinger on Jan 13, 2024.
             Quit the game on level 4 of the Dungeon.
             The game lasted 00:04:49 (3068 turns).

Laraso the Shooter (Pale Draconian Hexslinger)      Turns: 3068, Time: 00:04:49

Health: 52/52      AC:  8    Str: 10    XL:     7   Next: 9%
Magic:  5/8        EV: 12    Int: 14    God:
Gold:   213        SH:  0    Dex: 15    Spells: 6/8 levels left

rFire   . . .        a - +1 sling
rCold   . . .        (no shield)
rNeg    . . .        (body armour unavailable)
rPois   .            (helmet restricted)
rElec   .            c - +0 cloak
rCorr   .            (no gloves)
SInv    .            k - +0 pair of boots
Will    .....        i - amulet of faith
Stlth   +            r - ring of wizardry
HPRegen 0.28/turn    (no ring)
MPRegen 0.11/turn

%: faith, wizardry (x1)
@: weak-willed
A: breathe steam, AC +6, unfitting armour, cold-blooded, steam resistance
a: Breathe Steam


You were on level 4 of the Dungeon.
You visited 1 branch of the dungeon, and saw 4 of its levels.

You collected 213 gold pieces.

Inventory:

Hand Weapons
 a - a +1 sling (weapon)
Armour
 c - a +0 cloak (worn)
 k - a +0 pair of boots (worn)
Jewellery
 i - an amulet of faith (around neck)
 r - a ring of wizardry (left hand)
Wands
 j - a wand of paralysis (9)
 l - a wand of acid (4)
Scrolls
 b - a scroll of poison
 d - a scroll of enchant armour
 m - a scroll of immolation {unknown}
 o - a scroll of revelation {unknown}
Potions
 e - a potion of berserk rage
 f - a potion of heal wounds {unknown}
 g - a potion of magic
 h - a potion of ambrosia
 n - a potion of might {unknown}
 p - a potion of brilliance {unknown}


   Skills:
 - Level 1.1 Fighting
 * Level 5.9 Ranged Weapons
 - Level 1.7 Dodging
 - Level 1.0 Spellcasting
 + Level 4.8 Hexes
 - Level 1.1 Fire Magic


You had 6 spell levels left.
You knew the following spells:

 Your Spells              Type           Power      Damage    Failure   Level
a - Jinxbite              Hex            28%        N/A       2%          2

Your spell library contained the following spells:

 Spells                   Type           Power      Damage    Failure   Level
 Sigil of Binding         Hex            14%        N/A       4%          3
 Inner Flame              Hex/Fire       8%         N/A       10%         3
 Cause Fear               Hex            7%         N/A       16%         4
 Dimensional Bullseye     Hex/Tloc       3%         N/A       36%         4
 Leda's Liquefaction      Alch/Erth      0%         N/A       67%         4
 Lee's Rapid Deconstruct  Erth           0%         3d4*      94%         5
 Bombard                  Conj/Erth      0%         9d1       100%        6


Dungeon Overview and Level Annotations

Branches:
Dungeon (4/15)
 Temple: D:4-7

Altars:


Innate Abilities, Weirdness & Mutations

You can breathe blasts of scalding, opaque steam.
Your pale cyan-grey scales are hard. (AC +6)
You cannot fit into any form of body armour.
You are cold-blooded and may be slowed by cold attacks.
You are immune to the effects of steam.


Message History

You feel your willpower being sapped.
The sleepcap releases spores at you but does no damage.
You shoot a sling bullet. The sling bullet hits the sleepcap.
The sleepcap is heavily damaged.
A giggling sprite leaps out and smacks the sleepcap with its own body.
The sleepcap is severely damaged.
You shoot a sling bullet.
The sling bullet barely misses the phantom.
The sling bullet hits the sleepcap.
The sleepcap is severely damaged.
You shoot a sling bullet. The sling bullet misses the phantom.
The sling bullet hits the sleepcap!
The sleepcap is almost destroyed.
A giggling sprite leaps out and makes the sleepcap trip over its own stem.
You destroy the sleepcap!
The phantom misses you.
You shoot a sling bullet.
The sling bullet barely misses the phantom.
A giggling sprite leaps out and insults the phantom's ancestors.
The phantom is heavily damaged.
The jinxing sprites lose interest in you.
The phantom hits you but does no damage.
You shoot a sling bullet. The sling bullet hits the phantom!
The phantom is almost destroyed.
The phantom hits you.
You shoot a sling bullet.
The sling bullet closely misses the phantom.
The phantom hits you.
The phantom blinks!
You blink.
The phantom hits you but does no damage.
You shoot a sling bullet. The sling bullet hits the phantom.
You destroy the phantom!
You have reached level 7!
Your scales start taking on a pale cyan-grey colour.
You learn Fire Magic quicker.
You learn Air Magic quicker.
You learn Evocations quicker.
You can breathe blasts of scalding, opaque steam.
You are now immune to the effects of steam.
You start resting.
HP restored.
Are you sure you want to abandon this character and quit the game? (Confirm with "yes".)

.÷........##..#'###'###..#.......
.#§#)..... #....# #.....##.......
.#.#......###.#####..#####.......
.#§#..#######.##.................
.#§#.............###########...##
)#§#.########.#..# #...
.#.#.#...# #.#..# .#§#.#...#
##....# ##########
.#§#.#...###...#@###~~~~~~~~#####
.#.......+.......~~~~≈≈≈≈≈≈~~~~~#
.#§......##..##~~~≈≈≈≈≈≈≈≈≈≈≈≈≈~~
.#§....##....~~~≈≈≈≈≈~~~~~~≈≈≈≈≈≈
.#§....##.>#~~≈≈≈≈~~~~####~~~~~≈≈
.#.######..~≈≈≈≈~~~###.....###~~~
...§.§W...#~≈≈~~~.... ...[)+....#
##.######§#~~~~##.### .....####.#
#...........####.# ..... #.#


There were no monsters in sight!

Vanquished Creatures
  Sigmund (D:2)
  A phantom (D:4)
  2 scorpions
  2 iguanas (D:4)
  A sleepcap (D:4)
  4 gnolls (D:4)
  2 adders (D:4)
  2 ufetubi (D:3)
  2 ribbon worms (D:2)
  An orc (D:4)
  3 ball pythons
  7 endoplasms
  2 giant cockroaches
  8 goblins
  7 hobgoblins
  6 jackals (D:3)
  5 kobolds
  3 quokkas
  4 bats
  3 frilled lizards
  4 rats
70 creatures vanquished.

Notes
Turn   | Place    | Note
-------+----------+-------------------------------------------
     0 | D:1      | Laraso the Draconian Hexslinger began the quest for the
                  | Orb.
     0 | D:1      | Reached XP level 1. HP: 16/16 MP: 2/2
   186 | D:1      | Reached skill level 2 in Ranged Weapons
   563 | D:1      | Reached XP level 2. HP: 23/23 MP: 3/3
   566 | D:1      | Learned a level 2 spell: Jinxbite
   993 | D:2      | Noticed Sigmund
  1139 | D:2      | Found a faded altar of an unknown god.
  1358 | D:2      | Killed Sigmund
  1359 | D:2      | Reached skill level 4 in Ranged Weapons
  1359 | D:2      | Reached XP level 3. HP: 28/28 MP: 0/4
  1359 | D:2      | Reached XP level 4. HP: 35/35 MP: 0/5
  1359 | D:2      | Reached XP level 5. HP: 40/40 MP: 0/6
  2452 | D:4      | Reached XP level 6. HP: 27/47 MP: 4/7
  2659 | D:3      | Reached skill level 5 in Ranged Weapons
  3063 | D:4      | Your scales start taking on a pale cyan-grey colour.
  3063 | D:4      | Reached XP level 7. HP: 50/52 MP: 5/8
  3063 | D:4      | Gained mutation: You are immune to the effects of steam.
                  | [Pale Draconian growth]
  3068 | D:4      | Quit the game

Illustrated notes

Levels and vault maps discovered:
D:1:      minmay_arrival_five_plusses, layout_loops_ring
D:2:      layout_basic, basic_ecumenical_altar, uniq_sigmund
D:3:      layout_basic
D:4:      wander_river, layout_basic, hangedman_decor_growths

Skill      XL: |  1  2  3  4  5  6 |
---------------+-------------------+-----
Ranged Weapons | 2 4 5 |  5.9
Hexes          | 3 4 |  4.8
Fighting       | |  1.1
Dodging        | |  1.7
Spellcasting   | |  1.0
Fire Magic     | |  1.1

Action                     |  1- 3 |  4- 6 |  7- 9 || total
---------------------------+-------+-------+-------++-------
   Fire: Sling             |    74 |   153 |       ||   227
   Cast: Jinxbite          |     4 |    22 |       ||    26
  Evoke: Wand              |       |     5 |       ||     5
    Use: Scroll            |       |     4 |       ||     4
         Potion            |       |     4 |       ||     4
 Armour: Skin              |    15 |    73 |       ||    88
  Dodge: Dodged            |    28 |    68 |       ||    96

Table legend: (Time is in decaauts)
 A = Elapsed time spent in this place.
 B = Non-inter-level travel time spent in this place.
 C = Inter-level travel time spent in this place.
 D = Time resting spent in this place.
 E = Time spent auto-exploring this place.
 F = Levels seen in this place.
 G = Mean time per level.
                   A        B        C        D        E       F      G
               +--------+--------+--------+--------+--------+-----+--------+
         Total |   3118 |   2983 |    135 |    187 |   2103 |   4 |  779.5 |
       Dungeon |   3118 |   2983 |    135 |    187 |   2103 |   4 |  779.5 |
               +--------+--------+--------+--------+--------+-----+--------+

Top non-repeatable levels by time:
     D:2: 1040 daAuts
     D:1: 721 daAuts
     D:4: 709 daAuts
     D:3: 646 daAuts
